 Dungeon Crawl Stone Soup version 0.22-a0-223-g0f5d773 (webtiles) character file.

32495 tilp the Gelid (level 13, -19/98 HPs)
             Began as a Merfolk Ice Elementalist on Feb 18, 2018.
             Was a High Priest of Makhleb.
             Demolished by an orc knight
             ... wielding a +0 great sword
              (33 damage)
             ... on level 2 of the Orcish Mines.
             The game lasted 01:14:08 (24230 turns).

tilp the Gelid (Merfolk Ice Elementalist)          Turns: 24230, Time: 01:14:10

Health: -19/98     AC: 21    Str:  8    XL:     13   Next: 64%
Magic:  21/22      EV: 17    Int: 20    God:    Makhleb [*****.]
Gold:   1696       SH:  0    Dex: 14    Spells: 8/24 levels left

rFire    + + .     SeeInvis +   D - +8 lance "Wyrmbane" {slay drac, rPois rF+ rC+ AC+3}
rCold    + + .     Gourm    .   (no shield)
rNeg     . . .     Faith    .   E - +2 robe {rC+ rF+}
rPois    +         Spirit   .   e - +2 helmet
rElec    .         Reflect  .   F - +1 cloak (curse)
rCorr    .         Harm     .   T - +0 pair of gloves
MR       .....                  (no boots)
Stlth    +++.......             f - amulet of the acrobat
HPRegen  0.26/turn              B - ring of see invisible
MPRegen  0.18/turn              O - ring of poison resistance

@: icy armour, slow
A: change form in water, swift swim, stealthy swim
a: Minor Destruction, Lesser Servant of Makhleb, Major Destruction, Greater
Servant of Makhleb, Renounce Religion


You were on level 2 of the Orcish Mines.
You worshipped Makhleb.
Makhleb was extremely pleased with you.
You were hungry.

You visited 4 branches of the dungeon, and saw 18 of its levels.
You also visited: Sewer and Ossuary.

You collected 1696 gold pieces.

Inventory:

Hand Weapons
 D - the +8 lance "Wyrmbane" (weapon) {slay drac, rPois rF+ rC+ AC+3}
   (You took it off a crimson imp on level 7 of the Dungeon)

   It affects your AC (+3).
   It protects you from fire.
   It protects you from cold.
   It protects you from poison.
Missiles
 q - 27 tomahawks (quivered)
 y - 4 tomahawks of returning
Armour
 e - a +2 helmet (worn)
 E - a +2 robe of resistance (worn)
 F - a cursed +1 cloak (worn)
 R - +0 ice dragon scales
 T - a +0 pair of gloves (worn)
Magical Staves
 U - an uncursed staff of power
Jewellery
 f - an amulet of the acrobat (around neck)
 B - a ring of see invisible (left hand)
 M - an uncursed ring of fire
 O - a ring of poison resistance (right hand)
Wands
 u - a wand of flame (81)
 J - a wand of iceblast (32)
 L - a wand of polymorph (21)
 V - a wand of disintegration (7)
Scrolls
 a - a scroll of vulnerability {unknown}
 h - 2 scrolls of immolation
 i - 4 scrolls of fear
 m - 11 scrolls of remove curse
 o - 2 scrolls of fog
 r - 3 scrolls of amnesia
 t - 3 scrolls of magic mapping
 w - 7 scrolls of teleportation
 C - 2 scrolls of enchant weapon
 Q - a scroll of summoning {unknown}
 S - a scroll of acquirement {unknown}
Potions
 c - a potion of agility
 d - a potion of haste
 j - a potion of magic {unknown}
 k - a potion of resistance {unknown}
 l - 3 potions of heal wounds
 n - 3 potions of lignification
 s - a potion of invisibility {unknown}
 v - 3 potions of flight
 z - 2 potions of ambrosia {unknown}
 A - 3 potions of might
 G - 3 potions of cancellation
 H - 2 potions of curing
 I - a potion of mutation {unknown}
 K - a potion of degeneration {unknown}
Miscellaneous
 p - a lightning rod (4/4)
 W - a lamp of fire
 X - a phial of floods
Comestibles
 b - 24 rations


   Skills:
 - Level 8.0 Fighting
 - Level 12.2 Polearms
 - Level 8.0 Dodging
 - Level 4.6 Stealth
 - Level 6.0 Spellcasting
 - Level 2.1 Conjurations
 - Level 4.1 Charms
 + Level 15.3 Ice Magic
 - Level 10.2 Invocations


You had 8 spell levels left.
You knew the following spells:

 Your Spells              Type           Power        Failure   Level  Hunger
a - Freeze                Ice            ####         1%          1    None
b - Throw Frost           Conj/Ice       #####.       1%          2    None
c - Ozocubu's Armour      Chrm/Ice       #####...     1%          3    ##.....
d - Throw Icicle          Conj/Ice       #####...     2%          4    ####...
e - Summon Ice Beast      Ice/Summ       #####...     4%          4    ####...
f - Apportation           Tloc           #.....       11%         1    None
g - Summon Butterflies    Summ           #.......     11%         1    None


Dungeon Overview and Level Annotations

Branches:
Dungeon (10/15)            Temple (1/1) D:5            Lair (5/6) D:10
 Shoals (0/4) Lair:3        Snake (0/4) Lair:3        Slime (0/5) Lair:5
    Orc (2/2) D:9             Elf (0/3) Orc:2

Altars:
Ashenzari
Cheibriados
Dithmenos
Elyvilon
Fedhas
Gozag
Hepliaklqana
Kikubaaqudgha
Makhleb
Nemelex Xobeh
Okawaru
Qazlal
Ru
Sif Muna
Trog
Uskayaw
Vehumet
Wu Jian
Xom
Yredelemnul
Zin
The Shining One
Beogh
Jiyva

Annotations:
D:9 exclusion: necromancer, Psyche
Lair:3 exclusion: oklob plant
Orc:2 Saint Roka


Message History

You hit the orc knight but do no damage.
The orc knight is almost dead.
The troll closely misses you. The troll barely misses you. x2
The orc knight closely misses you.
Unknown command.
You hit the orc knight but do no damage.
The orc knight is almost dead.
Unknown command.
Casting: Freeze (safe; 1% risk of failure)
Confirm with . or Enter, or press ? or * to list all spells.
Aiming: Freeze (safe; 1% risk of failure)
Press: ? - help, Shift-Dir - straight line, f/p - orc knight
Aim: an orc knight, wielding a great sword and wearing a plate armour (almost dead)
You freeze the orc knight.
The orc knight is almost dead.
The troll bites you.
* * * LOW HITPOINT WARNING * * *
The troll misses you. The troll barely misses you.
The orc knight hits you with a great sword!!
You die...

##.............###.#...........
#..............................
###.............................
##.##.#..........................
#...#.#........#....<............
##.....#............[............
.#..............[)[.)...........#
..#....#.......To<[[[...[........
..#.............@/)..............
................................#
..............................###
#..............................##
..............#.................#
#.............##...............##
............................#.##
.........#..#..................##
.....#<...##....................#


You could see an orc knight and a troll.

Vanquished Creatures
  An orc warlord (Orc:1)
  4 hydras
  2 two-headed ogres
  An orc knight (Orc:1)
  Pikel (D:5)
  2 orc sorcerers (Orc:2)
  Maurice (D:10)
  A manticore (Lair:3)
  9 black mambas
  A gargoyle (D:10)
  4 spiny frogs
  3 komodo dragons
  2 ice devils (Lair:3)
  A tengu conjurer (D:10)
  A troll (Orc:1)
  3 blink frogs (Lair:4)
  2 hippogriffs (Lair:3)
  A hungry ghost (D:10)
  30 yaks
  Menkaure (D:4)
  5 wargs
  2 nagas (Lair:3)
  10 water moccasins
  5 porcupines
  4 sky beasts
  A black bear (D:4)
  26 orc warriors
  5 ice beasts
  2 slaves (D:5)
  7 ogres
  A necrophage (D:8)
  2 phantoms
  A wolf (Lair:3)
  4 centaurs
  8 crocodiles
  4 big kobolds
  21 bullfrogs
  A scorpion (D:7)
  11 killer bees
  A vampire bat (Lair:1)
  8 electric eels
  4 howler monkeys (D:7)
  8 jellies
  A bullfrog zombie (D:10)
  4 crimson imps
  A quasit (D:7)
  7 hounds
  12 orc priests
  3 bullfrog skeletons
  Ijyb (D:3)
  Jessica (D:2)
  2 iguanas
  25 orc wizards
  9 worker ants
  A killer bee zombie (D:8)
  2 hound zombies
  A howler monkey zombie (D:7)
  2 worker ant zombies
  9 adders
  3 gnolls (D:6)
  A river rat (Sewer)
  2 shadow imps
  7 oozes
  An adder skeleton (D:8)
  5 worms
  4 dart slugs (D:1)
  A leopard gecko (D:3)
  85 orcs
  3 ball pythons
  11 bats
  7 giant cockroaches
  8 goblins
  12 hobgoblins
  3 jackals (D:1)
  25 kobolds
  6 quokkas
  5 frilled lizards
  A leopard gecko skeleton (D:7)
  A quokka zombie (D:9)
  10 rats
494 creatures vanquished.

Vanquished Creatures (collateral kills)
  A hydra (Lair:4)
  An orc knight (Orc:2)
  2 orc sorcerers (Orc:2)
  2 yaks (Lair:5)
  A warg (Orc:2)
  An orc warrior (Orc:1)
  2 wolves (Lair:3)
  An orc wizard (Orc:2)
  4 orcs (Orc:1)
15 creatures vanquished.

Vanquished Creatures (others)
  A fungus (Lair:5)
1 creature vanquished.

Grand Total: 510 creatures vanquished

Notes
Turn   | Place    | Note
-------+----------+-------------------------------------------
     0 | D:1      | tilp the Merfolk Ice Elementalist began the quest for the Orb.
     0 | D:1      | Reached XP level 1. HP: 13/13 MP: 3/3
   177 | D:1      | Reached XP level 2. HP: 8/19 MP: 3/5
   181 | D:1      | Learned a level 2 spell: Throw Frost
   356 | D:1      | Reached skill level 4 in Ice Magic
   460 | D:1      | Reached XP level 3. HP: 6/24 MP: 1/6
   985 | D:1      | Reached skill level 5 in Ice Magic
  1308 | D:2      | Noticed Jessica
  1315 | D:1      | Learned a level 3 spell: Ozocubu's Armour
  1319 | D:2      | Killed Jessica
  1319 | D:2      | Reached XP level 4. HP: 30/30 MP: 3/7
  1555 | D:2      | Found a snail-covered altar of Cheibriados.
  1560 | D:2      | Found a glowing golden altar of the Shining One.
  1562 | D:2      | Found an ornate altar of the Wu Jian Council.
  1573 | D:2      | Found a shimmering altar of Xom.
  1696 | D:2      | Found an ancient bone altar of Kikubaaqudgha.
  1915 | D:2      | Found a bloodstained altar of Trog.
  2121 | D:3      | Reached skill level 6 in Ice Magic
  2136 | D:3      | Reached XP level 5. HP: 25/35 MP: 2/8
  2440 | D:3      | Noticed Ijyb
  2461 | D:3      | Killed Ijyb
  2632 | D:3      | Found a sacrificial altar of Ru.
  3483 | D:4      | Reached skill level 7 in Ice Magic
  3483 | D:4      | Reached XP level 6. HP: 40/41 MP: 5/9
  3899 | D:4      | Noticed Menkaure
  3906 | D:4      | Killed Menkaure
  3906 | D:4      | Reached skill level 8 in Ice Magic
  3906 | D:4      | Reached XP level 7. HP: 46/46 MP: 6/10
  3997 | D:4      | Reached skill level 1 in Fighting
  4747 | D:5      | Entered Level 5 of the Dungeon
  4998 | D:5      | Reached skill level 5 in Dodging
  4998 | D:5      | Reached XP level 8. HP: 60/60 MP: 2/11
  5494 | D:5      | Noticed Pikel
  5564 | D:6      | Found a sand-covered staircase.
  5594 | Ossuary  | Entered an ossuary
  5651 | D:6      | Reached skill level 1 in Charms
  5854 | D:6      | Found a glowing drain.
  5877 | Sewer    | Entered a sewer
  6145 | Sewer    | Found a white marble altar of Elyvilon.
  6413 | D:5      | Found a stormy altar of Qazlal.
  6435 | D:5      | Reached skill level 1 in Conjurations
  6529 | D:5      | Found a staircase to the Ecumenical Temple.
  6552 | D:5      | Reached skill level 9 in Ice Magic
  6559 | Temple   | Entered the Ecumenical Temple
  6610 | Temple   | Became a worshipper of Makhleb the Destroyer
  6652 | D:5      | Got a polished flail
  6653 | D:5      | Identified the cursed +3 flail of Freehold {protect, Dex+4} (You found it on level 5 of the Dungeon)
  6914 | D:5      | Killed Pikel
  6914 | D:5      | Reached skill level 10 in Ice Magic
  6914 | D:5      | Reached XP level 9. HP: 43/65 MP: 5/12
  7347 | D:6      | Reached skill level 11 in Ice Magic
  8059 | D:6      | Found a glowing silver altar of Zin.
  8529 | D:7      | Reached * piety under Makhleb
  8541 | D:7      | Reached skill level 12 in Ice Magic
  8604 | D:7      | Reached skill level 1 in Invocations
  9430 | D:7      | Reached skill level 1 in Polearms
  9431 | D:7      | Reached XP level 10. HP: 68/71 MP: 10/13
  9531 | D:7      | Found an opulent altar of Gozag.
  9588 | D:7      | Found a radiant altar of Vehumet.
  9967 | D:8      | Reached skill level 5 in Polearms
 10542 | D:8      | Reached ** piety under Makhleb
 11246 | D:9      | Found an iron altar of Okawaru.
 11251 | D:9      | Found a staircase to the Orcish Mines.
 11292 | D:9      | Reached *** piety under Makhleb
 11542 | D:9      | Found a hazy altar of Hepliaklqana.
 11785 | D:9      | Noticed a two-headed ogre
 11794 | D:9      | Killed a two-headed ogre
 12118 | D:9      | Noticed Psyche
 12171 | D:9      | Noticed a necromancer
 12322 | D:10     | Entered Level 10 of the Dungeon
 12466 | D:10     | Reached XP level 11. HP: 29/77 MP: 14/14
 12479 | D:10     | Reached skill level 5 in Fighting
 12643 | D:10     | Noticed Maurice
 12684 | D:10     | Killed Maurice
 13720 | D:10     | Found a blossoming altar of Fedhas.
 14081 | D:10     | Reached **** piety under Makhleb
 14194 | D:10     | Found a staircase to the Lair.
 15090 | D:10     | Learned a level 4 spell: Throw Icicle
 15095 | D:10     | Learned a level 4 spell: Summon Ice Beast
 15179 | Lair:1   | Entered Level 1 of the Lair of Beasts
 15354 | Lair:1   | Reached skill level 5 in Invocations
 15385 | Lair:1   | Reached ***** piety under Makhleb
 16120 | Lair:2   | Found an opulent altar of Gozag.
 16237 | Lair:2   | Reached XP level 12. HP: 92/92 MP: 14/17
 16330 | Lair:2   | Noticed a seven-headed hydra
 16345 | Lair:2   | Killed a seven-headed hydra
 16960 | Lair:2   | Got a jewelled mace
 17488 | Lair:3   | Noticed a four-headed hydra
 17520 | Lair:3   | Killed a four-headed hydra
 17520 | Lair:3   | Reached skill level 10 in Invocations
 17742 | Lair:3   | Found a staircase to the Shoals.
 18102 | Lair:3   | Found a staircase to the Snake Pit.
 18623 | Lair:4   | Reached skill level 13 in Ice Magic
 18761 | Lair:4   | Noticed a seven-headed hydra
 19358 | Lair:4   | Killed a seven-headed hydra
 19358 | Lair:4   | Reached XP level 13. HP: 65/98 MP: 6/20
 19629 | Lair:5   | Learned a level 1 spell: Apportation
 19631 | Lair:5   | Learned a level 1 spell: Summon Butterflies
 19838 | Lair:5   | Reached skill level 5 in Spellcasting
 19896 | Lair:5   | Found a viscous altar of Jiyva.
 19896 | Lair:5   | Found a staircase to the Slime Pits.
 20030 | Lair:5   | Reached skill level 14 in Ice Magic
 20573 | Orc:1    | Entered Level 1 of the Orcish Mines
 21052 | Orc:2    | Entered Level 2 of the Orcish Mines
 21239 | Orc:1    | Noticed a stone giant
 21303 | Orc:2    | Found a staircase to the Elven Halls.
 22367 | Orc:1    | Identified the +9 mace of Tumult {flame, Str+4} (You found it on level 2 of the Lair of Beasts)
 22435 | Orc:2    | Paralysed by an orc sorcerer for 6 turns
 22612 | Orc:2    | Found a shimmering altar of Xom.
 22672 | Orc:2    | Noticed an orc warlord
 22854 | Orc:1    | Killed an orc warlord
 22854 | Orc:1    | Reached skill level 15 in Ice Magic
 23037 | Orc:2    | Found a bloodstained altar of Trog.
 23046 | Orc:2    | Found a roughly hewn altar of Beogh.
 23405 | Orc:2    | Noticed Saint Roka
 24230 | Orc:2    | Demolished by an orc knight

Vault maps used:
D:1:      minmay_arrival_semitransparent
D:2:      kiku_gazebo_garden_becter, nicolae_overflow_quartered_altars,
          first_ration, roderic_serpentine_path, trog_hazing_becter,
          uniq_jessica
D:3:      nicolae_ru_awakened_eye, grunt_ministairs_1, uniq_ijyb
D:4:      black_bear_nest_1, grunt_ministairs_4, uniq_menkaure
D:5:      lemuel_crystal_altar, minmay_temple_entry_junction, uniq_pikel
D:6:      zin_statuary, nicolae_ossuary_entry_ruins,
          cheibrodos_sewer_entry_drain, patterned_corridor
D:7:      lemuel_doored_altar, lemuel_crystal_altar, serial_park_tiny_2
D:8:      hangedman_little_slice_of_home, minmay_crystal_water
D:9:      marbit_many_paths, old_standard_altar, orc_david_3, hex_large,
          fountainhead, eino_house_with_fridge, uniq_psyche
D:10:     minmay_imperfect_grid, basic_altar, uniq_maurice
Temple:   eino_wide_crystal_templ
Lair:1:   roderic_batcave, minivault_27, beast_lair_carwin_9,
          infiniplex_staircase_pool
Lair:2:   cheibrodos_lair_river_kwai, basic_altar
Lair:3:   minmay_shoals_entry_beasts, guppyfry_snake_entry_garden,
          portal_ice_cave_demonic_guard, minmay_lair_oklob_chamber,
          infiniplex_staircase_pool_2
Lair:4:   grunt_forest_small_clearings, cheibrodos_lair_caveside_slide
Lair:5:   dpeg_slime_entry_enclosed_altar
Orc:1:    okawaru_metal_pillars_1_2
Orc:2:    grunt_orc_cross, basic_altar, hangedman_feature_mirror,
          uniq_saint_roka
Sewer:    sewer_kobolds
Ossuary:  ossuary_minmay_tomb_2a

Skill      XL: |  1  2  3  4  5  6  7  8  9 10 11 12 13 |
---------------+----------------------------------------+-----
Ice Magic      | 4 5 6 7 8 10 12 13 15 | 15.3
Fighting       | 4 8 |  8.0
Dodging        | 5 6 8 |  8.0
Charms         | 4 |  4.1
Conjurations   | 2 |  2.1
Invocations    | 3 4 7 10 | 10.2
Polearms       | 1 12 | 12.2
Stealth        | 4 |  4.6
Spellcasting   | 4 6 |  6.0

Action                   |  1- 3 |  4- 6 |  7- 9 | 10-12 | 13-15 || total
-------------------------+-------+-------+-------+-------+-------++-------
Melee: Short sword       |     4 |       |       |       |       ||     4
       Dagger            |    43 |   140 |   150 |       |       ||   333
       Flail             |       |       |   136 |       |       ||   136
       Lance             |       |       |    13 |   923 |   368 ||  1304
       Tailslap          |       |       |       |     2 |       ||     2
Throw: Tomahawk          |       |     1 |    16 |       |       ||    17
 Cast: Freeze            |    10 |    52 |   145 |   177 |   101 ||   485
       Ozocubu's Armour  |     1 |     6 |    31 |    53 |    29 ||   120
       Throw Frost       |       |     5 |     8 |     1 |       ||    14
       Summon Ice Beast  |       |       |       |     6 |     6 ||    12
       Throw Icicle      |       |       |       |     1 |     4 ||     5
Invok: Lesser Servant of |       |       |       |     2 |     9 ||    11
       Major Destruction |       |       |       |       |     4 ||     4
Evoke: Wand              |       |     3 |     5 |       |       ||     8
  Use: Scroll            |       |     5 |     5 |    10 |     4 ||    24
       Potion            |       |       |     2 |     3 |     5 ||    10
 Stab: Sleeping          |     6 |     5 |     1 |    18 |       ||    30
       Distracted        |       |       |       |       |     2 ||     2
  Eat: Chunk             |     1 |    11 |    19 |    30 |    15 ||    76
       Ration            |       |       |     2 |     3 |     1 ||     6
Armor: Robe              |     3 |    43 |    97 |   175 |   110 ||   428
       Skin              |       |       |     8 |     7 |       ||    15
Dodge: Dodged            |    26 |    94 |   372 |   587 |   303 ||  1382

Table legend:
 A = Spawn XP
 B = Non-spawn XP
 C = Spawn XP percentage of total XP
 D = Spawn monster count
 E = Non-spawn monster count
 F = Spawn count percentage of total count
 G = Total turns spent on level
                    A         B        C        D         E        F      G
               +---------+---------+-------+---------+---------+-------+---------
         Total |       0 |   46422 |   0.0 |       0 |     507 |   0.0 | 24230
               +---------+---------+-------+---------+---------+-------+---------
           D:1 |       0 |      63 |   0.0 |       0 |      24 |   0.0 |  1315
           D:2 |       0 |      75 |   0.0 |       0 |      20 |   0.0 |   733
           D:3 |       0 |     120 |   0.0 |       0 |      28 |   0.0 |  1401
           D:4 |       0 |     685 |   0.0 |       0 |      22 |   0.0 |  1298
           D:5 |       0 |    1584 |   0.0 |       0 |      24 |   0.0 |  1627
           D:6 |       0 |    1217 |   0.0 |       0 |      38 |   0.0 |  1461
           D:7 |       0 |     822 |   0.0 |       0 |      23 |   0.0 |  1567
           D:8 |       0 |    1437 |   0.0 |       0 |      42 |   0.0 |  1318
           D:9 |       0 |    3984 |   0.0 |       0 |      52 |   0.0 |  1951
          D:10 |       0 |    5759 |   0.0 |       0 |      48 |   0.0 |  2371
        Lair:1 |       0 |    2087 |   0.0 |       0 |      21 |   0.0 |   947
        Lair:2 |       0 |    3702 |   0.0 |       0 |      16 |   0.0 |  1104
        Lair:3 |       0 |    5928 |   0.0 |       0 |      24 |   0.0 |  1387
        Lair:4 |       0 |    4978 |   0.0 |       0 |      17 |   0.0 |   964
        Lair:5 |       0 |    3995 |   0.0 |       0 |      16 |   0.0 |   911
         Orc:1 |       0 |    4035 |   0.0 |       0 |      36 |   0.0 |  1763
         Orc:2 |       0 |    5818 |   0.0 |       0 |      48 |   0.0 |  1692
         Sewer |       0 |     111 |   0.0 |       0 |       7 |   0.0 |   304
       Ossuary |       0 |      22 |   0.0 |       0 |       1 |   0.0 |    40
               +---------+---------+-------+---------+---------+-------+---------
